Map: Submarine LE

Players

Massa - Winner!

  • Race: Terran Terran
  • League: Platinum
  • Spawn Location: 5:00

BountyHunter

  • Race: Zerg Zerg
  • League: Platinum
  • Spawn Location: 11:00

VOD

Have the link to the VOD?

Description

Time

  • Played on: Jan. 16, 2021, 4:49 a.m.
  • Length: 10:41
Show
View Real Time Build Order
Export as new Build Order

Massa Terran - Winner!

Build Orders:  

Get SALT Encoding   

  12  0:00  SCV  
  13  0:12  SCV  
  14  0:17  Supply Depot  
  14  0:24  SCV  
  15  0:39  SCV  
  15  0:40  Barracks  
  16  0:46  Refinery  
  16  0:51  SCV  
  17  1:03  SCV  
  18  1:15  SCV  
  19  1:32  Orbital Command  
  19  1:35  Barracks Tech Lab  
  19  1:36  Barracks Reactor  
  19  1:45  Command Center  
  19  1:56  Supply Depot  
  19  1:58  SCV  
  20  2:10  SCV  
  20  2:12  Factory  
  20  2:14  Marine  
  22  2:16  Marine  
  23  2:32  Marine  
  23  2:34  Marine  
  25  2:37  Supply Depot  
  25  2:50  Marine  
  26  2:51  Marine  
  26  2:53  SCV  
  26  2:56  Orbital Command  
  28  3:00  Starport  
  28  3:17  Hellion x2  
  28  3:19  Barracks Tech Lab  
  32  3:23  SCV x2  
  34  3:35  SCV  
  34  3:36  SCV  
  34  3:38  Hellion x2  
  40  3:49  Barracks Tech Lab  
  40  3:50  Banshee  
  43  4:03  Refinery  
  39  4:35  Banshee  
  35  5:00  Cloaking Field  
  35  5:03  Marauder  
  35  5:05  SCV x2  
  36  5:09  Refinery  
  36  5:10  Hellion  
  36  5:11  Hellion  
  40  5:17  SCV x2  
  42  5:22  Barracks  
  42  5:23  Command Center  
  42  5:24  Refinery  
  42  5:25  Barracks  
  42  5:26  Engineering Bay  
  42  5:29  SCV x2  
  42  5:32  Hellion x2  
  42  5:35  Supply Depot x2  
  48  5:37  Marine  
  48  5:38  Supply Depot  
  48  5:40  Medivac  
  48  5:41  SCV  
  52  5:43  Stimpack  
  52  5:50  SCV  
  52  5:53  SCV  
  52  5:56  Marine  
  55  5:58  Supply Depot  
  55  6:02  SCV  
  56  6:05  SCV  
  57  6:29  SCV x2  
  59  6:33  Barracks Reactor, Barracks Tech Lab  
  59  6:41  SCV  
  59  6:42  SCV  
  61  6:54  SCV  
  62  7:09  Barracks  
  62  7:19  Barracks Tech Lab  
  62  7:23  Medivac, Combat Shield  
  62  7:25  Marauder  
  62  7:28  Siege Tank  
  69  7:32  Marine x2  
  69  7:35  Planetary Fortress  
  71  7:44  SCV  
  71  7:45  SCV  
  71  7:47  Marauder  
  71  7:49  Marauder  
  71  7:50  Marine x2  
  79  7:53  Medivac  
  79  7:56  SCV  
  79  7:57  SCV  
  83  8:00  Siege Tank  
  83  8:01  Command Center  
  83  8:03  Barracks x2  
  86  8:08  Marauder, Marine  
  86  8:09  SCV x2  
  86  8:11  Marauder  
  86  8:12  Marine x3  
  93  8:14  SCV  
  97  8:21  SCV x2  
  97  8:25  Marine  
  97  8:26  SCV  
  101  8:29  Marauder  
  101  8:30  Marine  
  101  8:44  Marauder, Marine  
  101  8:46  Terran Infantry Weapons Level 1  
  101  8:48  Supply Depot x2  
  101  8:49  Supply Depot  
  101  8:50  Armory, Supply Depot  
  101  8:51  Supply Depot  
  101  8:55  Barracks Reactor x2  
  101  8:57  Concussive Shells  
  101  9:09  Marine x4  
  112  9:10  Marauder x2, Siege Tank  
  112  9:19  Missile Turret  
  112  9:23  Missile Turret  
  112  9:26  Engineering Bay  
  112  9:27  Marine x4  
  112  9:30  SCV x2  
  112  9:31  SCV x2, Marauder x2  
  124  9:35  Marine  
  124  9:36  Marine x3  
  124  9:38  Armory  
  128  9:42  SCV, Siege Tank  
  128  9:43  SCV x3  
  128  9:45  Marine x4  
  143  9:53  Marauder x2, Marine  
  143  9:54  SCV  
  145  10:12  Refinery  
  145  10:13  Refinery  
Show
View Real Time Build Order
Export as new Build Order

BountyHunter Zerg 

Build Orders: Hatch First 

Get SALT Encoding   

  12  0:01  Drone  
  13  0:09  Drone  
  14  0:16  Overlord  
  14  0:35  Drone x3  
  17  0:56  Hatchery  
  16  1:06  Extractor  
  16  1:11  Spawning Pool  
  14  1:14  Drone  
  15  1:19  Drone  
  16  1:27  Drone x2  
  18  1:38  Drone  
  19  1:58  Queen  
  21  2:02  Zergling x2  
  21  2:08  Queen  
  24  2:10  Metabolic Boost  
  24  2:12  Zergling x2  
  24  2:15  Overlord  
  25  2:23  Zergling x2  
  25  2:24  Zergling x2  
  25  2:28  Drone  
  28  2:40  Extractor  
  28  2:41  Drone x2  
  28  2:42  Drone x2  
  31  2:48  Queen  
  33  2:52  Overlord  
  33  3:02  Drone x3  
  36  3:10  Drone  
  36  3:11  Drone x2  
  39  3:21  Drone x5  
  44  3:32  Lair  
  44  3:42  Overlord  
  44  3:51  Overlord  
  44  4:01  Extractor  
  43  4:06  Extractor  
  41  4:13  Drone, Zergling x2  
  41  4:14  Zergling x10  
  32  4:40  Zergling x14  
  32  4:41  Zergling x4  
  34  5:04  Drone x2  
  34  5:05  Drone x2  
  36  5:09  Queen  
  38  5:26  Drone  
  39  5:34  Drone  
  39  5:35  Drone x5  
  45  5:40  Hatchery  
  44  5:45  Queen  
  46  5:52  Hydralisk Den  
  46  5:56  Evolution Chamber  
  44  5:58  Evolution Chamber  
  39  6:14  Spore Crawler  
  32  6:21  Burrow  
  32  6:22  Hydralisk x3  
  32  6:23  Hydralisk x6  
  45  6:37  Overseer  
  36  7:11  Spore Crawler  
  35  7:17  Drone x4  
  39  7:24  Spore Crawler  
  38  7:34  Spore Crawler  
  37  7:41  Drone x2  
  39  7:51  Drone  
  39  7:52  Drone  
  39  7:54  Drone  
  42  7:59  Drone  
  43  8:10  Drone  
  43  8:11  Drone x2  
  46  8:17  Drone  
  46  8:18  Drone  
  41  8:50  Drone x7  
  41  8:51  Drone  
  49  8:58  Drone x2  
  49  8:59  Drone  
  49  9:12  Drone x4  
  53  9:30  Drone x4  
  53  9:31  Drone x2  
  59  9:42  Drone x3  
  64  10:01  Overlord  
  64  10:02  Overlord  
  64  10:14  Drone x2  
  64  10:17  Overlord  
Tags
 
Matchup
TvZ
Replay Pack
Multiplayer
Spawn Locations
Cross Positions
Add a new tag
Caveats
  • Supply blocks, unpowered buildings, or Contaminate may cause inaccurate times.
  • Supply counts are checked every 10 seconds.